 Dungeon Crawl Stone Soup version 0.18-a0-596-g6468885 (webtiles) character file.

105 4thArraOfDagon the Poker (level 4, 0/38 HPs)
             Began as a Minotaur Warper on Dec 3, 2015.
             Was a Follower of Qazlal.
             Slain by a giant frog skeleton (3 damage)
             ... on level 5 of the Dungeon.
             The game lasted 00:06:49 (1268 turns).

4thArraOfDagon the Poker (Minotaur Warper)          Turns: 1268, Time: 00:06:49

Health: 0/38       AC:  8    Str: 16      XL:     4   Next: 54%
Magic:  5/5        EV:  7    Int: 11      God:    Qazlal [*.....]
Gold:   79         SH:  1    Dex:  6 (9)  Spells: 1 memorised, 4 levels left

rFire  + . .     SeeInvis .     b - +0 trident
rCold  . . .     Clarity  .     p - +0 chain mail (curse)
rNeg   . . .     SustAt   .     (no shield)
rPois  .         Gourm    .     (helmet restricted)
rElec  .         Spirit   .     (no cloak)
rCorr  .         Dismiss  .     (no gloves)
rMut   .         Stasis   .     (no boots)
MR     .....                    (no amulet)
Stlth  ..........               (no ring)
                                (no ring)

@: not resistant to hostile enchantments, extremely unstealthy
A: retaliatory headbutt, horns 2, fire resistance 1
a: Renounce Religion


You were on level 5 of the Dungeon.
You worshipped Qazlal.
Qazlal was aware of your devotion.
You were hungry.

You visited 1 branch of the dungeon, and saw 5 of its levels.

You collected 79 gold pieces.

Inventory:

Hand Weapons
 a - a +1 spear
 b - a +0 trident (weapon)
Missiles
 r - 6 javelins (quivered)
Armour
 p - a cursed +0 chain mail (worn)
Rods
 n - a +0 rod of shadows (4/14)
   (You found it on level 4 of the Dungeon)
Scrolls
 d - a scroll of blinking
 g - a scroll of enchant armour {unknown}
 j - 2 scrolls of random uselessness {unknown}
 k - a scroll of teleportation {unknown}
 l - a scroll of amnesia {unknown}
 m - a scroll of remove curse {unknown}
 u - a scroll of magic mapping {unknown}
 w - a scroll of identify {unknown}
Potions
 h - a potion of degeneration
Books
 c - a book of Spatial Translocations

   Spells                             Type                      Level
   a - Apportation                    Translocation                1
   b - Blink                          Translocation                2
   c - Shroud of Golubria             Charms/Translocation         2
   d - Portal Projectile              Translocation                3
   e - Teleport Other                 Translocation                3
   f - Passage of Golubria            Translocation                4
 s - a book of Flames

   Spells                             Type                      Level
   a - Flame Tongue                   Conjuration/Fire             1
   b - Throw Flame                    Conjuration/Fire             2
   c - Conjure Flame                  Conjuration/Fire             3
   d - Inner Flame                    Hexes/Fire                   3
   e - Sticky Flame                   Conjuration/Fire             4
   f - Fireball                       Conjuration/Fire             5
Comestibles
 f - 7 bread rations
 o - a chunk of flesh
 q - a royal jelly
 t - 2 meat rations
 v - a slice of pizza


   Skills:
 + Level 3.4 Fighting
 * Level 4.1 Polearms
 - Level 1.0 Throwing
 + Level 2.2 Armour
 + Level 3.1 Dodging
 - Level 1.3 Spellcasting
 - Level 2.1 Translocations


You had 4 spell levels left.
You knew the following spells:

 Your Spells              Type           Power        Failure   Level  Hunger
a - Apportation           Tloc           #.........   99%         1    ##.....


Dungeon Overview and Level Annotations

Branches:
Dungeon (5/15)
 Temple: D:4-7

Altars:
Qazlal

Annotations:
D:3 Natasha


Innate Abilities, Weirdness & Mutations

You reflexively headbutt those who attack you in melee.
You have a pair of horns on your head.
Your flesh is heat resistant.


Message History

Your adder bites the worker ant zombie.
Unknown command.
Drink which item? (? for menu, Esc to quit)
It was a potion of resistance.
You feel protected.
The giant frog skeleton hits you but does no damage.
Your adder bites the worker ant zombie.
Your orc hits the worker ant zombie with a club.
The giant frog skeleton hits you but does no damage.
Unknown command.
Drink which item? (? for menu, Esc to quit)
It was a potion of cancellation.
Your magical effects are unravelling.
Your magical contamination has completely faded away.
You feel magically purged.
Your resistance to elements expires.
Your adder bites the worker ant zombie.
Your orc hits the worker ant zombie with a club.
The giant frog skeleton hits you.
You die...

. .. .. #5#. .. #.#.#.
..... # #. # #..# .#+
+#. /.##$#oS###..###..
.......Z......#..#
#.#####Z#.###....#
#.#####@#(######.##
#.......#.........####.#
#########.##.#.........#
#.#.....#<######
#....#.##.# #.##.#.##.#
#.##......# #......####
## #####


You could see a worker ant zombie, a giant frog skeleton, a friendly adder and a
friendly orc.

Vanquished Creatures
  An iguana (D:4)
  4 adders
  An ooze (D:1)
  A worm (D:2)
  5 bats
  A giant cockroach (D:2)
  8 goblins
  2 hobgoblins
  5 jackals
  A quokka (D:3)
  A ball python (D:2)
  2 giant newts (D:1)
  5 kobolds
  3 rats
  2 fungi (D:4)
42 creatures vanquished.

Notes
Turn   | Place    | Note
--------------------------------------------------------------
     0 | D:1      | 4thArraOfDagon the Minotaur Warper began the quest for the Orb.
     0 | D:1      | Reached XP level 1. HP: 18/18 MP: 1/1
    79 | D:2      | Reached skill level 3 in Polearms
    79 | D:2      | Reached XP level 2. HP: 11/25 MP: 3/3
    92 | D:2      | Found a stormy altar of Qazlal.
   108 | D:2      | Became a worshipper of Qazlal Stormbringer
   130 | D:1      | stormy buy
   247 | D:2      | Reached XP level 3. HP: 26/30 MP: 4/4
   757 | D:3      | Noticed Natasha
   804 | D:3      | Gained mutation: Your flesh is heat resistant. [potion of beneficial mutation]
   867 | D:3      | Reached * piety under Qazlal
   924 | D:3      | Reached XP level 4. HP: 38/38 MP: 5/5
  1010 | D:4      | Identified a +0 rod of shadows (14/14) (You found it on level 4 of the Dungeon)
  1145 | D:4      | Noticed a phantom
  1207 | D:4      | Reached skill level 4 in Polearms
  1228 | D:5      | Entered Level 5 of the Dungeon
  1268 | D:5      | Slain by a giant frog skeleton

Vault maps used:
D:1:      dpeg_arrival_court
D:2:      grunt_qazlal_clouds
D:3:      nicolae_overflow_hidden_temple, uniq_natasha
D:4:      enter_ossuary_1, uniq_crazy_yiuf_cottage
D:5:      makhleb_heckhound_becter, first_bread, nemelex_diamond_rough_becter

Action                   |  1- 3 |  4- 6 || total
-------------------------+-------+-------++-------
Melee: Spear             |   127 |    38 ||   165
       Trident           |       |     2 ||     2
Throw: Tomahawk          |     1 |     4 ||     5
       Javelin           |       |     1 ||     1
Evoke: Rod               |       |     2 ||     2
  Use: Potion            |     3 |     4 ||     7
       Scroll            |     1 |       ||     1
  Eat: Chunk             |       |     2 ||     2
